 Dungeon Crawl Stone Soup version 0.22.1-5-g62c59d919a (webtiles) character file.

330 NochnoyZador the Skirmisher (level 6, -7/66 HPs)
             Began as a Troll Monk on Jan 12, 2019.
             Killed by divine providence
             ... invoked by an orc priest
              (11 damage)
             ... on level 4 of the Dungeon.
             The game lasted 00:10:33 (2389 turns).

NochnoyZador the Skirmisher (Troll Monk)            Turns: 2389, Time: 00:10:33

Health: -7/66      AC:  5    Str: 21    XL:     6   Next: 26%
Magic:  5/5        EV: 10    Int:  6    God:
Gold:   187        SH:  0    Dex: 13    Spells: 5/5 levels left

rFire    . . .     SeeInvis .     - Unarmed
rCold    . . .     Gourm    +   (no shield)
rNeg     . . .     Faith    .   a - +0 robe
rPois    .         Spirit   .   (helmet restricted)
rElec    .         Reflect  .   (no cloak)
rCorr    .         Harm     .   (gloves unavailable)
MR       .....                  (boots unavailable)
Stlth    ++........             (no amulet)
HPRegen  0.61/turn              (no ring)
MPRegen  0.09/turn              (no ring)

@: no status effects
A: large, unfitting armour, claws 3, fast metabolism 3, gourmand, regeneration
1, shaggy fur 1, tough skin 2
a: no special abilities


You were on level 4 of the Dungeon.
You were very full.

You visited 1 branch of the dungeon, and saw 4 of its levels.

You collected 187 gold pieces.

Inventory:

Missiles
 e - 38 stones (quivered)
 n - 34 sling bullets
Armour
 a - a +0 robe (worn)
Jewellery
 d - a +3 ring of dexterity {unknown}
Wands
 r - a wand of clouds (5)
Scrolls
 c - a scroll of amnesia {unknown}
 g - 5 scrolls of identify {unknown}
 h - 2 scrolls of random uselessness {unknown}
 j - a scroll of blinking {unknown}
 m - a scroll of remove curse {unknown}
 p - 2 scrolls of immolation {unknown}
 q - a scroll of magic mapping {unknown}
 s - 3 scrolls of teleportation {unknown}
Potions
 f - 3 potions of berserk rage {unknown}
 k - a potion of mutation {unknown}
 l - a potion of degeneration {unknown}
 o - 2 potions of agility {unknown}
 t - a potion of magic {unknown}
 u - a potion of lignification {unknown}
 v - 2 potions of cancellation {unknown}
Comestibles
 b - 7 rations
 i - 2 chunks of flesh


   Skills:
 * Level 5.4 Fighting
 * Level 0.3 Throwing
 * Level 2.6 Dodging
 * Level 1.1 Stealth
 * Level 3.6 Unarmed Combat


You had 5 spell levels left.
You didn't know any spells.
Your spell library was empty.

Dungeon Overview and Level Annotations

Branches:
Dungeon (4/15)
 Temple: D:4-7

Altars:
Fedhas
Hepliaklqana
Okawaru
Yredelemnul


Innate Abilities, Weirdness & Mutations

You are too large for most types of armour.
You have claws for hands.
Your metabolism is lightning-fast.
You like to eat raw meat.
Your natural rate of healing is unusually fast.
You are covered in fur. (AC +1)
You have very tough skin. (AC +2)


Message History

The orc barely misses you. The adder bites you.
* * * LOW HITPOINT WARNING * * *
You are poisoned.
The adder poisons you!
You scratch the adder.
You kill the adder!
You feel sick. The orc hits you but does no damage.
You feel sick.
The orc priest grunts noisily.
You feel sick.
There is an open door here.
You feel sick.
You are no longer poisoned.
Some of the chunks of flesh in your inventory have rotted away.
The orc priest calls down the wrath of Beogh upon you.
Beogh smites you!
* * * LOW HITPOINT WARNING * * *
The orc priest invokes the aid of Beogh against you.
Beogh smites you!
You die...

#####'#.....#
#....oo.....#
#.......#####
#...÷...#
#....o..#
#....o..#
#.......#
#####.......#
#........@..#
#.###.......# #.#
####c.####### #.#
#(.##....# #.#
##...'....#
....###.(###(...#
#.#.......(.#.###
#.#..PP..(#.#.#
#§PPPP..<...#


You could see a centaur (wandering), an orc priest and 3 orcs.

Vanquished Creatures
  2 phantoms
  An orc priest (D:3)
  2 adders
  5 worms
  3 dart slugs (D:1)
  3 leopard geckos
  4 orcs (D:2)
  A giant cockroach (D:2)
  17 goblins
  7 hobgoblins
  5 jackals
  9 kobolds
  2 quokkas
  A ball python (D:2)
  5 bats
  6 frilled lizards
  6 rats
  A spectral orc (D:2)
80 creatures vanquished.

Notes
Turn   | Place    | Note
-------+----------+-------------------------------------------
     0 | D:1      | NochnoyZador the Troll Monk began the quest for the Orb.
     0 | D:1      | Reached XP level 1. HP: 22/22 MP: 0/0
   192 | D:1      | Reached XP level 2. HP: 29/29 MP: 1/1
   194 | D:1      | Reached skill level 3 in Fighting
   472 | D:1      | Reached XP level 3. HP: 37/37 MP: 2/2
   892 | D:2      | Found an iron altar of Okawaru.
   979 | D:2      | Found a basalt altar of Yredelemnul.
  1248 | D:2      | Reached skill level 4 in Fighting
  1248 | D:2      | Reached XP level 4. HP: 48/48 MP: 3/3
  1665 | D:3      | HP: 1/48 [orc priest/flail (2)]
  1863 | D:3      | Noticed a phantom
  1890 | D:3      | Killed a phantom
  1890 | D:3      | Reached skill level 5 in Fighting
  1890 | D:3      | Reached XP level 5. HP: 39/57 MP: 4/4
  1980 | D:3      | Found a hazy altar of Hepliaklqana.
  2259 | D:4      | Found a blossoming altar of Fedhas.
  2259 | D:4      | Noticed a centaur
  2270 | D:4      | Noticed a phantom
  2331 | D:4      | Killed a phantom
  2331 | D:4      | Reached XP level 6. HP: 19/66 MP: 5/5
  2387 | D:4      | HP: 3/66 [orc priest/divine providence (10)]
  2389 | D:4      | Killed from afar by an orc priest

Skill      XL: |  1  2  3  4 |
---------------+-------------+-----
Fighting       | 3 4 5 |  5.4
Throwing       | |  0.3
Dodging        | |  2.6
Stealth        | |  1.1
Unarmed Combat | |  3.6

Action                   |  1- 3 |  4- 6 || total
-------------------------+-------+-------++-------
Melee: Unarmed           |   127 |   124 ||   251
       Punch             |     2 |     1 ||     3
  Eat: Chunk             |    17 |    10 ||    27
Armor: Robe              |    38 |    32 ||    70
Dodge: Dodged            |    62 |    67 ||   129
